TOP OF THE 1ST |
Menlo Maniacs batting - Pitching for Culver City Extras : RHP Sergio Moreno
|
Pitching: RHP Sergio Moreno
|
|
Batting: RHB Daryl Floyd
|
0-0: Ball 1-0: Called Strike 1-1: Ball 2-1: Called Strike 2-2: Strikes out swinging
|
Batting: RHB Alberto Hernández
|
0-0: Called Strike 0-1: Called Strike 0-2: Foul Ball, location: 2F 0-2: Foul Ball, location: 2F 0-2: Ground out 1-3 (Groundball, 13S)
|
Batting: RHB José Aguilera
|
0-0: Ball 1-0: Ball 2-0: Ball 3-0: Called Strike 3-1: SINGLE (Line Drive, 34D)
|
Batting: SHB Marvin Harris
|
0-0: Ball Throwing error on steal attempt, E2 José Aguilera to third 1-0: Foul Ball, location: 2F 1-1: Foul Ball, location: 2F 1-2: Strikes out swinging
|
Top of the 1st over - 0 run(s), 1 hit(s), 1 error(s), 1 left on base; Menlo 0 - Culver City 0 |
BOTTOM OF THE 1ST |
Culver City Extras batting - Pitching for Menlo Maniacs : RHP Júlio Castro
|
Pitching: RHP Júlio Castro
|
|
Batting: RHB Sergio Pujols
|
0-0: Ball 1-0: Called Strike 1-1: Ball 2-1: Ball 3-1: Base on Balls
|
Batting: RHB Armando Pagán
|
0-0: Ball 1-0: Called Strike 1-1: Fielders Choice at 2nd, 3-6 (Groundball, 3)
|
Batting: LHB Jason Lambert
|
0-0: Ball 1-0: Ball 2-0: Ground out 3-1 (Groundball, 34) Armando Pagán to second
|
Batting: LHB Ronaldo Gois
|
0-0: Called Strike 0-1: Ball 1-1: Ball 2-1: Ground out U3 (Groundball, 3S)
|
Bottom of the 1st over - 0 run(s), 0 hit(s), 0 error(s), 1 left on base; Menlo 0 - Culver City 0 |
TOP OF THE 2ND |
Menlo Maniacs batting - Pitching for Culver City Extras : RHP Sergio Moreno
|
Batting: RHB Tom Meyer
|
0-0: Swinging Strike 0-1: Fly out, F9 (Flyball, 89D)
|
Batting: LHB Alfonso Montoya
|
0-0: Ball 1-0: Ball 2-0: Ball 3-0: Base on Balls
|
Batting: RHB Bob Campbell
|
0-0: Swinging Strike 0-1: Foul Ball, location: 2F 0-2: Strikes out looking Alfonso Montoya is caught stealing 2nd base Batter strikes out.
|
Top of the 2nd over - 0 run(s), 0 hit(s), 0 error(s), 0 left on base; Menlo 0 - Culver City 0 |
BOTTOM OF THE 2ND |
Culver City Extras batting - Pitching for Menlo Maniacs : RHP Júlio Castro
|
Batting: RHB Ricardo Cabrera
|
0-0: Swinging Strike 0-1: Ball 1-1: Ground out 1-3 (Groundball, 15)
|
Batting: RHB Oscar Rudd
|
0-0: Called Strike 0-1: Foul Ball, location: 2F 0-2: Strikes out swinging
|
Batting: LHB Stan Bates
|
0-0: Called Strike 0-1: Ball 1-1: Foul Ball, location: 2F 1-2: SINGLE (Groundball, 34D)
|
Batting: RHB Salvador Medine
|
0-0: Called Strike 0-1: Ball 1-1: Ball 2-1: Foul Ball, location: 2F 2-2: Ball 3-2: SINGLE (Line Drive, 7S) Stan Bates to second Stan Bates to third
|
Batting: RHB Roberto Gonzáles
|
0-0: TRIPLE (Line Drive, 7LM) Stan Bates scores Salvador Medine scores
|
Pinch Runner at 3rd Francisco Rodríguez:
|
|
Batting: RHB Sergio Pujols
|
0-0: Foul Ball, location: 2F 0-1: Foul Ball, location: 2F 0-2: Fly out, F9 (Line Drive, 9S)
|
Bottom of the 2nd over - 2 run(s), 3 hit(s), 0 error(s), 1 left on base; Menlo 0 - Culver City 2 |
TOP OF THE 3RD |
Menlo Maniacs batting - Pitching for Culver City Extras : RHP Sergio Moreno
|
Now at SS: Francisco Rodríguez
|
|
Batting: RHB Jesús Cuevas
|
0-0: Ball 1-0: Foul Ball, location: 2F 1-1: Ball 2-1: Foul Ball, location: 2F 2-2: Ball 3-2: Foul Ball, location: 2F 3-2: Strikes out swinging
|
Batting: SHB António Trinidad
|
0-0: Called Strike 0-1: Ground out 4-3 (Groundball, 4)
|
Batting: RHB Daryl Floyd
|
0-0: Ball 1-0: Ball 2-0: Ball 3-0: Base on Balls
|
Batting: RHB Alberto Hernández
|
0-0: Ball 1-0: Fly out, F9 (Flyball, 9M)
|
Top of the 3rd over - 0 run(s), 0 hit(s), 0 error(s), 1 left on base; Menlo 0 - Culver City 2 |
BOTTOM OF THE 3RD |
Culver City Extras batting - Pitching for Menlo Maniacs : RHP Júlio Castro
|
Batting: RHB Armando Pagán
|
0-0: Ground out 5-3 (Groundball, 15S)
|
Batting: LHB Jason Lambert
|
0-0: Ball 1-0: Foul Ball, location: 2F 1-1: Ball 2-1: Fly out, F8 (Flyball, 8LXD)
|
Batting: LHB Ronaldo Gois
|
0-0: Ground out 4-3 (Groundball, 4M)
|
Bottom of the 3rd over - 0 run(s), 0 hit(s), 0 error(s), 0 left on base; Menlo 0 - Culver City 2 |
TOP OF THE 4TH |
Menlo Maniacs batting - Pitching for Culver City Extras : RHP Sergio Moreno
|
Batting: RHB José Aguilera
|
0-0: Ground out 6-3 (Groundball, 6)
|
Batting: SHB Marvin Harris
|
0-0: Ball 1-0: Called Strike 1-1: Ball 2-1: Foul Ball, location: 2F 2-2: Strikes out swinging
|
Batting: RHB Tom Meyer
|
0-0: Ball 1-0: SINGLE (Groundball, 5L)
|
Batting: LHB Alfonso Montoya
|
0-0: SINGLE (Line Drive, 6D) Tom Meyer to second
|
Batting: RHB Bob Campbell
|
0-0: Ball 1-0: Called Strike 1-1: Ball 2-1: TRIPLE (Flyball, 78M) Tom Meyer scores Alfonso Montoya scores
|
Batting: RHB Jesús Cuevas
|
0-0: Fly out, F9 (Line Drive, 89M)
|
Top of the 4th over - 2 run(s), 3 hit(s), 0 error(s), 1 left on base; Menlo 2 - Culver City 2 |
BOTTOM OF THE 4TH |
Culver City Extras batting - Pitching for Menlo Maniacs : RHP Júlio Castro
|
Batting: RHB Ricardo Cabrera
|
0-0: Swinging Strike 0-1: Foul Ball, location: 2F 0-2: Ball 1-2: Ground out 6-3 (Groundball, 6M)
|
Batting: RHB Oscar Rudd
|
0-0: Ball 1-0: Ball 2-0: Ball 3-0: Called Strike 3-1: Foul Ball, location: 2F 3-2: DOUBLE (Groundball, 5L)
|
Batting: LHB Stan Bates
|
0-0: Ball Oscar Rudd is caught stealing 3rd base 1-0: Ball 2-0: Called Strike 2-1: Ground out 5-3 (Groundball, 56S)
|
Bottom of the 4th over - 0 run(s), 1 hit(s), 0 error(s), 0 left on base; Menlo 2 - Culver City 2 |
TOP OF THE 5TH |
Menlo Maniacs batting - Pitching for Culver City Extras : RHP Sergio Moreno
|
Batting: SHB António Trinidad
|
0-0: Ball 1-0: Called Strike 1-1: Ball 2-1: Ball 3-1: Foul Ball, location: 2F 3-2: Base on Balls
|
Batting: RHB Daryl Floyd
|
0-0: Swinging Strike 0-1: Called Strike 0-2: 2-RUN HOME RUN (Flyball, 7D), Distance : 362 ft
|
Batting: RHB Alberto Hernández
|
0-0: Ground out 5-3 (Groundball, 56)
|
Batting: RHB José Aguilera
|
0-0: Ball 1-0: Ball 2-0: SINGLE (Groundball, 56D)
|
Batting: SHB Marvin Harris
|
0-0: Called Strike 0-1: Called Strike 0-2: Grounds into double play, 6-4-3 (Groundball, 6)
|
Top of the 5th over - 2 run(s), 2 hit(s), 0 error(s), 0 left on base; Menlo 4 - Culver City 2 |
BOTTOM OF THE 5TH |
Culver City Extras batting - Pitching for Menlo Maniacs : RHP Júlio Castro
|
Batting: RHB Salvador Medine
|
0-0: Called Strike 0-1: Ball 1-1: Foul Ball, location: 2F 1-2: Fly out, F6 (Line Drive, 6)
|
Batting: RHB Francisco Rodríguez
|
0-0: Foul Ball, location: 2F 0-1: Ball 1-1: Ball 2-1: Ground out 5-3 (Groundball, 56)
|
Batting: RHB Sergio Pujols
|
0-0: Called Strike 0-1: Ball 1-1: Foul Ball, location: 2F 1-2: Strikes out looking
|
Bottom of the 5th over - 0 run(s), 0 hit(s), 0 error(s), 0 left on base; Menlo 4 - Culver City 2 |
TOP OF THE 6TH |
Menlo Maniacs batting - Pitching for Culver City Extras : RHP Sergio Moreno
|
Batting: RHB Tom Meyer
|
0-0: Ball 1-0: Called Strike 1-1: Fly out, F9 (Line Drive, 89M)
|
Batting: LHB Alfonso Montoya
|
0-0: Ground out 6-3 (Groundball, 6)
|
Batting: RHB Bob Campbell
|
0-0: Ball 1-0: Foul Ball, location: 2F 1-1: Ball 2-1: Fly out, F6 (Line Drive, 6)
|
Top of the 6th over - 0 run(s), 0 hit(s), 0 error(s), 0 left on base; Menlo 4 - Culver City 2 |
BOTTOM OF THE 6TH |
Culver City Extras batting - Pitching for Menlo Maniacs : RHP Júlio Castro
|
Batting: RHB Armando Pagán
|
0-0: Ball 1-0: Ground out 4-3 (Groundball, 4M)
|
Batting: LHB Jason Lambert
|
0-0: Ball 1-0: Called Strike 1-1: Ball 2-1: Ball 3-1: Foul Ball, location: 2F 3-2: Foul Ball, location: 2F 3-2: Base on Balls
|
Batting: LHB Ronaldo Gois
|
0-0: Called Strike 0-1: Ball 1-1: Swinging Strike 1-2: Foul Ball, location: 2F 1-2: Grounds into double play, 6-4-3 (Groundball, 6)
|
Bottom of the 6th over - 0 run(s), 0 hit(s), 0 error(s), 0 left on base; Menlo 4 - Culver City 2 |
TOP OF THE 7TH |
Menlo Maniacs batting - Pitching for Culver City Extras : RHP Sergio Moreno
|
Pitching: RHP Álex Villegas
|
|
Batting: RHB Jesús Cuevas
|
0-0: Ground out 6-3 (Groundball, 6)
|
Batting: SHB António Trinidad
|
0-0: Foul Ball, location: 2F 0-1: Ball 1-1: SINGLE (Groundball, 34)
|
Batting: RHB Daryl Floyd
|
0-0: Called Strike 0-1: Swinging Strike 0-2: Foul Ball, location: 2F 0-2: Foul Ball, location: 2F 0-2: Ball 1-2: Ball 2-2: Foul Ball, location: 2F 2-2: Ball 3-2: Foul Ball, location: 2F 3-2: 2-RUN HOME RUN (Flyball, 7D), Distance : 368 ft
|
Batting: RHB Alberto Hernández
|
0-0: Ball 1-0: Ball 2-0: Ball 3-0: Called Strike 3-1: Swinging Strike 3-2: Base on Balls
|
Batting: RHB José Aguilera
|
0-0: Ball 1-0: Swinging Strike 1-1: Ball 2-1: Ball 3-1: Base on Balls Alberto Hernández to second
|
Batting: SHB Marvin Harris
|
0-0: Ball 1-0: Ball 2-0: Foul Ball, location: 2F 2-1: Ball 3-1: Swinging Strike 3-2: Ground out U3 (Groundball, 3) Alberto Hernández to third José Aguilera to second
|
Batting: RHB Tom Meyer
|
0-0: Foul Ball, location: 2F 0-1: Foul Ball, location: 2F 0-2: SINGLE (Groundball, 6MD) Alberto Hernández scores José Aguilera to third Runner from 3rd tries for Home, SAFE, no throw or cutoff
|
Pitching: RHP Jeffrey Campbell
|
|
Batting: LHB Alfonso Montoya
|
0-0: Ball 1-0: Called Strike 1-1: Ball 2-1: Foul Ball, location: 2F 2-2: Foul Ball, location: 2F 2-2: Ground out 4-3 (Groundball, 4)
|
Top of the 7th over - 4 run(s), 3 hit(s), 0 error(s), 1 left on base; Menlo 8 - Culver City 2 |
BOTTOM OF THE 7TH |
Culver City Extras batting - Pitching for Menlo Maniacs : RHP Júlio Castro
|
Pitching: RHP Willie McMillan
|
|
Batting: RHB Ricardo Cabrera
|
0-0: Ball 1-0: Swinging Strike 1-1: Ball 2-1: Ground out 5-3 (Groundball, 5S)
|
Batting: RHB Oscar Rudd
|
0-0: Foul Ball, location: 2F 0-1: Ball 1-1: Swinging Strike 1-2: Foul Ball, location: 2F 1-2: SINGLE (Groundball, 6MD)
|
Batting: LHB Stan Bates
|
0-0: Called Strike 0-1: Called Strike Oscar Rudd steals 2nd base 0-2: Ball 1-2: Ball 2-2: Strikes out swinging
|
Batting: RHB Salvador Medine
|
0-0: Swinging Strike 0-1: Ball 1-1: DOUBLE (Groundball, 3L) Oscar Rudd scores
|
Batting: RHB Francisco Rodríguez
|
0-0: Swinging Strike 0-1: Foul Ball, location: 2F 0-2: Ground out 1-3 (Groundball, 15)
|
Bottom of the 7th over - 1 run(s), 2 hit(s), 0 error(s), 1 left on base; Menlo 8 - Culver City 3 |
TOP OF THE 8TH |
Menlo Maniacs batting - Pitching for Culver City Extras : RHP Jeffrey Campbell
|
Batting: RHB Bob Campbell
|
0-0: Ball 1-0: Ball 2-0: Ground out 4-3 (Groundball, 4)
|
Batting: RHB Jesús Cuevas
|
0-0: Ball 1-0: Called Strike 1-1: Fly out, F7 (Flyball, 7LMF)
|
Batting: SHB António Trinidad
|
0-0: Foul Ball, location: 2F 0-1: Ball 1-1: Ball 2-1: Fly out, F3 (Popup, 3SF)
|
Top of the 8th over - 0 run(s), 0 hit(s), 0 error(s), 0 left on base; Menlo 8 - Culver City 3 |
BOTTOM OF THE 8TH |
Culver City Extras batting - Pitching for Menlo Maniacs : RHP Willie McMillan
|
Batting: RHB Sergio Pujols
|
0-0: Ball 1-0: Ball 2-0: Foul Ball, location: 2F 2-1: Called Strike 2-2: Ball 3-2: Strikes out swinging
|
Batting: RHB Armando Pagán
|
0-0: Ball 1-0: SINGLE (Groundball, 4MD) (infield hit)
|
Batting: LHB Jason Lambert
|
0-0: Ball 1-0: Ball 2-0: Called Strike 2-1: Swinging Strike 2-2: Strikes out swinging
|
Batting: LHB Ronaldo Gois
|
0-0: Ball 1-0: Called Strike 1-1: Foul Ball, location: 2F 1-2: Ball 2-2: Fielders Choice at 2nd, U6 (Groundball, 6M)
|
Bottom of the 8th over - 0 run(s), 1 hit(s), 0 error(s), 1 left on base; Menlo 8 - Culver City 3 |
TOP OF THE 9TH |
Menlo Maniacs batting - Pitching for Culver City Extras : RHP Jeffrey Campbell
|
Batting: RHB Daryl Floyd
|
0-0: Ball 1-0: Called Strike 1-1: Fly out, F3 (Popup, 3)
|
Batting: RHB Alberto Hernández
|
0-0: Called Strike 0-1: Foul Ball, location: 2F 0-2: Strikes out looking
|
Batting: RHB José Aguilera
|
0-0: Ball 1-0: Foul Ball, location: 2F 1-1: Ground out 5-3 (Groundball, 56)
|
Top of the 9th over - 0 run(s), 0 hit(s), 0 error(s), 0 left on base; Menlo 8 - Culver City 3 |
BOTTOM OF THE 9TH |
Culver City Extras batting - Pitching for Menlo Maniacs : RHP Willie McMillan
|
Pitching: RHP José Ramírez
|
|
Batting: RHB Ricardo Cabrera
|
0-0: Ball 1-0: Foul Ball, location: 2F 1-1: Ball 2-1: Swinging Strike 2-2: Foul Ball, location: 2F 2-2: Strikes out swinging
|
Batting: RHB Oscar Rudd
|
0-0: Called Strike 0-1: Ball 1-1: Called Strike 1-2: Foul Ball, location: 2F 1-2: Foul Ball, location: 2F 1-2: Ball 2-2: Strikes out swinging
|
Batting: LHB Stan Bates
|
0-0: Ball 1-0: Foul Ball, location: 2F 1-1: Ball 2-1: Called Strike 2-2: Foul Ball, location: 2F 2-2: Ground out 6-3 (Groundball, 6)
|
Bottom of the 9th over - 0 run(s), 0 hit(s), 0 error(s), 0 left on base; Menlo 8 - Culver City 3 |
|